 Dungeon Crawl Stone Soup version bcrawl-1.31.4 (webtiles) character file.

Game seed: 1225628689592784496

152441 Morbidden the Ducker (level 6, 20/39 HPs)
             Began as a Fairy Archaeologist on June 10, 2021.
             Quit the game on level 4 of the Dungeon.
             The game lasted 00:04:16 (3302 turns).

Morbidden the Ducker (Fairy Archaeologist)          Turns: 3302, Time: 00:04:17

Health: 20/39      AC:  8    Str:  9    XL:     6   Next: 21%
Magic:  8/8        EV: 18    Int: 17    God:
Gold:   132        SH:  5    Dex: 13    Spells: 5/5 levels left

rFire    . . .     SeeInvis +   g - +1 hunting sling (flame)
rCold    + . .     Gourm    .   (shield restricted)
rNeg     . . .     Faith    .   (armour unavailable)
rPois    .         Spirit   .   c - +1 hat
rElec    .         Reflect  .   (no cloak)
rCorr    .         Harm     .   (no gloves)
MR       .....                  d - +1 pair of boots
Stlth    +.........             (no amulet)
HPRegen  0.13/turn              k - ring of see invisible
MPRegen  0.11/turn              f - ring of protection from cold

@: quite poisoned (20 -> 11), flying evasively
A: small, magic attunement, unstealthy, unfitting armour, able to fly, AC/SH +5
a: Stop Flying


You were on level 4 of the Dungeon.
You were very hungry.

You visited 1 branch of the dungeon, and saw 4 of its levels.

You collected 132 gold pieces.

Inventory:

Hand Weapons
 a - a +0 short sword
 b - a +5 arbalest of flaming
 g - a +1 hunting sling of flaming (weapon)
 n - a +0 blowgun
Missiles
 h - 6 curare-tipped needles
 o - 852 stones
 s - 28 poisoned needles
 u - 282 bolts
 y - 114 sling bullets (quivered)
Armour
 c - a +1 hat (worn)
 d - a +1 pair of boots (worn)
Jewellery
 f - a ring of protection from cold (right hand)
 k - a ring of see invisible (left hand)
 r - the ring "Siecoott" {*Corrode +Fly rF+ Int+3}
   (You found it on level 2 of the Dungeon)

   [ring of flight]

   It affects your intelligence (+3).
   It protects you from fire.
   It lets you fly.
   It may corrode you when you take damage.
Scrolls
 i - 4 scrolls of identify
 j - 3 scrolls of fog {unknown}
 l - 2 scrolls of enchant weapon {unknown}
 q - 3 scrolls of amnesia {unknown}
 x - a scroll of enchant armour {unknown}
 z - a scroll of fear {unknown}
Potions
 m - a potion of brilliance {unknown}
 t - a potion of berserk rage {unknown}
 v - a potion of might {unknown}
 w - a potion of curing {unknown}
Comestibles
 e - 5 rations {!d}


   Skills:
 + Level 2.2 Fighting
 + Level 1.9 Short Blades
   Level 0.7 Maces & Flails
 + Level 2.2 Slings
 + Level 1.0 Crossbows
 + Level 5.5 Dodging
 + Level 3.0 Stealth


You had 5 spell levels left.
You didn't know any spells.
Your spell library was empty.

Dungeon Overview and Level Annotations

Branches:
Dungeon (4/12)             Temple (0/1) D:4

Altars:
Ashenzari
Fedhas
Trog


Innate Abilities, Weirdness & Mutations

Your spells do not cause hunger and MP costs are reduced by 1.
Your bright wings attract enemies. (Stealth-)
You cannot fit into any form of body armour.
Your shimmering scales are hard and can block incoming attacks. (AC +5, SH +5)
You are small and have problems with some larger weapons.
You can fly continuously.


Message History

You are too injured to fight recklessly!
You are too injured to fight recklessly!
You are too injured to fight recklessly!
You are too injured to fight recklessly!
You are too injured to fight recklessly!
You are too injured to fight recklessly!
You are too injured to fight recklessly!
You are too injured to fight recklessly!
You are too injured to fight recklessly!
You are too injured to fight recklessly!
You are too injured to fight recklessly!
You are too injured to fight recklessly!
You are too injured to fight recklessly!
You are too injured to fight recklessly!
You are too injured to fight recklessly!
You are too injured to fight recklessly!
Unknown command.
Unknown command.
Unknown command.
Are you sure you want to abandon this character and quit the game? (Confirm with "yes".)

,,,,,,,,,,,,,,....,* #.####....##
,,,,,,**,***#......* #.....######
,,,,,,,,,,.,,......*
#.....#*ā‰ˆPā‰ˆ#
*,,*,*,*,,,.##.#..#* #.....#***##
*,,*,*,*,**....#..# #.....#
*,,,,,,,,,,,,#....####.#+###
*,,*,**,*.##.#....#......#******
*,,*,,,,*................#*,*,,**
*,,,,,*,,,*.#.##@h.......#,,,,,,,
**,**,*,>,*,#whahh#......#****,,*
*,,,,,,,.....#hh....#.#ā€
#,,,,,,,
*,,,*,*,#...,#...####.....,,**,,
*,*,*,*,#.#*....## #..<...,***,
*,*,,,,,.,,...#.# *......,* *,
*,,,,*,**,*.#.#.# *,,...,,* *,
**,**,*,,,,#.#...# **,,,,,,* **
,,,,,,,,,,,,,,,,,* *,,,,,,* *


You could see a worker ant, a dart slug and 6 jackals.

Vanquished Creatures
  2 crimson imps (D:4)
  A hound (D:2)
  A worker ant (D:4)
  A hound skeleton (D:4)
  3 adders (D:3)
  3 oozes (D:1)
  A worm (D:2)
  A dart slug (D:1)
  3 leopard geckos
  An orc (D:4)
  4 bats
  5 giant cockroaches
  4 goblins
  15 hobgoblins
  6 jackals
  4 quokkas
  A ball python (D:1)
  8 frilled lizards
  10 kobolds
  6 rats
80 creatures vanquished.

Vanquished Creatures (others)
  2 fungi (D:4)
2 creatures vanquished.

Grand Total: 82 creatures vanquished

Notes
Turn   | Place    | Note
-------+----------+-------------------------------------------
     0 | D:1      | Morbidden the Fairy Archaeologist began the quest for the
                  | Orb.
     0 | D:1      | Reached XP level 1. HP: 12/12 MP: 3/3
   347 | D:1      | Reached XP level 2. HP: 18/18 MP: 4/4
   459 | D:1      | Reached skill level 1 in Fighting
   643 | D:1      | Reached XP level 3. HP: 23/23 MP: 5/5
   651 | D:1      | Reached skill level 1 in Short Blades
  1352 | D:2      | Found a bloodstained altar of Trog.
  1374 | D:2      | Reached skill level 5 in Dodging
  1610 | D:2      | Reached XP level 4. HP: 24/28 MP: 6/6
  1777 | D:2      | Got a shimmering tin ring
  2000 | D:2      | Reached skill level 1 in Slings
  2292 | D:3      | Found a faded altar of an unknown god.
  2322 | D:3      | Reached XP level 5. HP: 34/34 MP: 7/7
  2322 | D:3      | Identified a scroll of acquirement
  2859 | D:3      | Found a shattered altar of Ashenzari.
  3151 | D:3      | Found a blossoming altar of Fedhas.
  3211 | D:4      | Identified the ring "Siecoott" {*Corrode +Fly rF+ Int+3}
                  | (You found it on level 2 of the Dungeon)
  3215 | D:4      | Noticed a black bear
  3231 | D:4      | Got a fading cloak
  3232 | D:4      | Identified the cursed +0 cloak of Ashenzari's Whim {+Inv
                  | Int-4 Dex+4} (You found it on level 4 of the Dungeon)
  3271 | D:4      | Reached skill level 1 in Crossbows
  3271 | D:4      | Reached XP level 6. HP: 26/39 MP: 8/8
  3302 | D:4      | Quit the game

Skill      XL: |  1  2  3  4  5  6 |
---------------+-------------------+-----
Fighting       | 1 2 |  2.2
Short Blades   | 1 |  1.9
Dodging        | 5 |  5.5
Slings         | 1 2 |  2.2
Crossbows      | 1 |  1.0
Stealth        | 3 |  3.0
Maces & Flails | |  0.7

Action                   |  1- 3 |  4- 6 || total
-------------------------+-------+-------++-------
Melee: Short sword       |   195 |     5 ||   200
       Whip              |     4 |       ||     4
 Fire: Hunting sling     |    19 |   106 ||   125
       Arbalest          |       |    22 ||    22
  Use: Scroll            |     2 |     5 ||     7
  Eat: Chunk             |     8 |     8 ||    16
Armor: Skin              |    42 |    25 ||    67
Dodge: Dodged            |   225 |    95 ||   320
Block: Other             |    52 |    32 ||    84
